 Dungeon Crawl Stone Soup version 0.29-a0-1023-g6ae1a4a2c7 (webtiles) character file.

Game seed: 13844330289000015782

9270 Hubris850 the Fencer (level 11, -3/74 HPs)
             Began as a Black Draconian Ice Elementalist on Aug 11, 2022.
             Was a Priest of Makhleb.
             Slain by a vampire (9 damage)
             ... on level 10 of the Dungeon.
             The game lasted 00:47:08 (11094 turns).

Hubris850 the Fencer (DrIE)                        Turns: 11094, Time: 00:47:09

Health: -3/74      AC: 13    Str: 13    XL:     11   Next: 20%
Magic:  15/15      EV: 12    Int: 17    God:    Makhleb [***...]
Gold:   810        SH:  0    Dex: 12    Spells: 7/16 levels left

rFire   . . .      SeeInvis .   b - +3 triple sword (elec)
rCold   . . .      Faith    .   (shield currently unavailable)
rNeg    . . .      Spirit   .   (body armour unavailable)
rPois   +          Reflect  .   (helmet restricted)
rElec   +          Harm     .   (no cloak)
rCorr   +          Rampage  .   m - +2 pair of gloves
Will    .....                   n - +2 pair of boots
Stlth   ++........              d - amulet of regeneration
HPRegen 1.02/turn               q - ring of resist corrosion
MPRegen 0.14/turn               I - ring of flight

@: flying, invisible
A: breathe lightning, AC +7, unfitting armour, electricity resistance,
cold-blooded, poison resistance, wild magic 1
a: Breathe Lightning, Renounce Religion, Minor Destruction, Lesser Servant of
Makhleb


You were on level 10 of the Dungeon.
You worshipped Makhleb.
Makhleb was most pleased with you.
You visited 2 branches of the dungeon, and saw 11 of its levels.

You collected 810 gold pieces.

Inventory:

Hand Weapons
 a - a +2 dagger of venom
 b - a +3 triple sword of electrocution (weapon)
 o - a +1 dagger of freezing
 s - a +2 vampiric hand axe
 x - a +0 sling
 F - a +0 shortbow
 J - the +4 flail "Pyokk" {elec, rPois rF+}
   (You found it on level 9 of the Dungeon)

   It occasionally discharges a powerful burst of electricity upon striking a
   foe.
   rF:        It protects you from fire.
   rPois:     It protects you from poison.
Missiles
 e - 25 poisoned darts
Armour
 l - a +0 buckler
 m - a +2 pair of gloves (worn)
 n - a +2 pair of boots (worn)
Jewellery
 d - an amulet of regeneration (around neck)
 q - a ring of resist corrosion (left hand)
 t - a ring of poison resistance
 u - an amulet of reflection
 I - a ring of flight (right hand)
Wands
 f - a wand of flame (20)
 w - a wand of paralysis (7)
 y - a wand of digging (3)
 H - a wand of quicksilver (3)
Scrolls
 g - a scroll of torment
 h - a scroll of silence
 i - 2 scrolls of teleportation
 B - a scroll of poison
 D - 4 scrolls of butterflies
Potions
 c - a potion of haste
 j - a potion of magic
 k - 2 potions of attraction
 p - a potion of invisibility
 v - a potion of brilliance
 z - a potion of mutation
 A - a potion of lignification
 C - 2 potions of degeneration {unknown}
 E - a potion of heal wounds {unknown}
 G - 3 potions of curing


   Skills:
 + Level 15.6 Long Blades
 - Level 1.7 Dodging
 - Level 3.0 Stealth
 - Level 3.2 Spellcasting
 - Level 4.9 Ice Magic
 - Level 5.0 Invocations
 - Level 3.0 Evocations


You had 7 spell levels left.
You knew the following spells:

 Your Spells              Type           Power      Damage    Failure   Level
a - Freeze                Ice            100%       1d11      4%          1
b - Frozen Ramparts       Ice            50%        1d8       11%         3
c - Ozocubu's Armour      Ice            25%        N/A       11%         3
d - Poisonous Vapours     Pois/Air       6%         N/A       34%         2

Your spell library contained the following spells:

 Spells                   Type           Power      Damage    Failure   Level
 Scorch                   Fire           6%         2d5       34%         2
 Summon Guardian Golem    Hex/Summ       3%         N/A       54%         3
 Hailstorm                Conj/Ice       14%        3d5       61%         4
 Corpse Rot               Necr/Pois/Air  3%         N/A       90%         4
 Flame Wave               Conj/Fire      3%         2d5       90%         4
 Summon Cactus Giant      Summ           1%         N/A       100%        6
 Orb of Destruction       Conj           1%         9d5       100%        7
 Spellforged Servitor     Conj/Summ      1%         N/A       100%        7


Dungeon Overview and Level Annotations

Branches:
Dungeon (10/15)            Temple (1/1) D:4
   Lair: D:8-11         Orc: D:9-12

Altars:
Ashenzari
Cheibriados
Dithmenos
Elyvilon
Fedhas
Gozag
Hepliaklqana
Kikubaaqudgha
Makhleb
Nemelex Xobeh
Okawaru
Qazlal
Ru
Sif Muna
Trog
Uskayaw
Vehumet
Wu Jian
Yredelemnul
Zin

Shops:
D:7 (*

Annotations:
D:5 exclusion: door
D:6 1 runed translucent door, jlumianski's ghost, novice DsGl


Innate Abilities, Weirdness & Mutations

You can breathe wild blasts of lightning.
Your glossy black scales are hard. (AC +7)
You cannot fit into any form of body armour.
You are resistant to electric shocks. (rElec)
You are cold-blooded and may be slowed by cold attacks.
Your system is resistant to poisons. (rPois)
Your spells are a little harder to cast, but a little more powerful.


Message History

The hornet stings you but does no damage.
You closely miss the vampire.
You feel sick. The hornet stings you! The vampire closely misses you.
The vampire bites you but does no damage.
Unknown command.
You closely miss the vampire. You tail-slap the vampire.
The vampire is lightly damaged.
You feel sick. The hornet barely misses you. The vampire closely misses you.
The vampire bites you but does no damage.
The hornet stings you!
You slash the vampire!
The vampire is heavily damaged.
You feel sick.
The hornet stings you but does no damage.
The vampire draws life force from you!
* * * LOW HITPOINT WARNING * * *
The vampire is healed by the life force!
You fade into invisibility!
You feel sick. The hornet completely misses you.
The vampire hits you but does no damage.
The vampire bites you but does no damage.
The hornet stings you but does no damage.
You feel sick.
You closely miss the hornet.
The hornet is moderately wounded.
You feel sick.
You are no longer poisoned.
The hornet stings you!
* * * LOW HITPOINT WARNING * * *
The vampire closely misses you. x2; The hornet completely misses you.
As you read the scroll of fear, it crumbles to dust.
You assume a fearsome visage.
The hornet resists with some effort.
The vampire is unaffected.
The hornet barely misses you. The vampire barely misses you. x2
The hornet stings you but does no damage.
A demon appears!
You can no longer hurl Makhleb's greater destruction.
The vampire hits you but does no damage.
The vampire bites you!
You die...

..........#
.........# ...
........# #...
#.....<.#
#.>.####+##.......###
+...........4........
#............V.......
#...........@y.......
#........##...)...##.
#........#####+####
+................
######...........
.......#...##......
......#...##......
#.....#...........
+.....#...........


You could see a hornet (unable to see you), a vampire (ally target) and a
friendly orange demon (summoned).

Vanquished Creatures
  Psyche (D:9)
  A hornet (D:9)
  Sigmund (D:3)
  4 wyverns
  A shadow (D:9)
  16 yaks
  3 vampire mosquitoes
  A steam dragon (D:9)
  4 ice beasts
  5 orc warriors
  3 sky beasts
  A black bear (D:6)
  2 ogres (D:6)
  3 centaurs
  3 phantoms
  A necrophage (D:6)
  3 kobold brigands
  2 bullfrogs
  4 scorpions
  3 gnoll sergeants
  14 wights
  6 killer bees
  3 howler monkeys (D:9)
  6 hounds
  A quasit (D:4)
  2 jellies (D:5)
  10 orc priests
  Ijyb (D:3)
  7 iguanas
  11 orc wizards
  Robin (D:2)
  6 adders
  14 gnolls
  A shadow imp (D:4)
  3 white imps
  2 ufetubi (D:4)
  A dart slug (D:1)
  27 orcs
  4 endoplasms
  2 giant cockroaches
  21 goblins
  15 hobgoblins
  2 jackals (D:1)
  21 kobolds
  3 quokkas
  7 ball pythons
  3 bats
  3 frilled lizards
  6 rats
265 creatures vanquished.

Vanquished Creatures (others)
  5 demonic plants (D:4)
  18 plants (D:6)
  2 withered plants (D:6)
25 creatures vanquished.

Grand Total: 290 creatures vanquished

Notes
Turn   | Place    | Note
-------+----------+-------------------------------------------
     0 | D:1      | Hubris850 the Draconian Ice Elementalist began the quest
                  | for the Orb.
     0 | D:1      | Reached XP level 1. HP: 14/14 MP: 3/3
   462 | D:1      | Reached XP level 2. HP: 20/20 MP: 0/5
   914 | D:1      | Found a faded altar of an unknown god.
  1327 | D:2      | Reached XP level 3. HP: 26/26 MP: 6/6
  1333 | D:2      | Learned a level 3 spell: Frozen Ramparts
  1466 | D:2      | Identified the +0 helmet of Dishonour {rC+}
  1466 | D:2      | Noticed Robin
  1490 | D:2      | Killed Robin
  1632 | D:2      | Reached XP level 4. HP: 33/33 MP: 8/8
  2184 | D:3      | Noticed Ijyb
  2197 | D:3      | Gained mutation: You have hidden genetic potential. [potion
                  | of mutation]
  2208 | D:3      | Killed Ijyb
  2337 | D:3      | Noticed Sigmund
  2432 | D:3      | Reached XP level 5. HP: 38/38 MP: 9/9
  2436 | D:3      | Learned a level 3 spell: Ozocubu's Armour
  2554 | D:3      | Reached skill level 1 in Long Blades
  2601 | D:3      | Gained mutation: Your system is resistant to poisons.
                  | (rPois) [hidden potential]
  2794 | D:3      | Reached skill level 2 in Long Blades
  3076 | D:3      | Killed Sigmund
  3077 | D:3      | Reached skill level 4 in Long Blades
  3077 | D:3      | Reached XP level 6. HP: 42/45 MP: 6/10
  3090 | D:3      | Gained mutation: Your spells are a little harder to cast,
                  | but a little more powerful. [hidden potential]
  3090 | D:3      | Lost mutation: You have hidden genetic potential. [hidden
                  | potential expressed]
  3364 | D:4      | Reached skill level 5 in Long Blades
  3395 | D:4      | Found an opulent altar of Gozag.
  3794 | D:4      | Your scales start taking on a glossy black colour.
  3794 | D:4      | Reached XP level 7. HP: 37/50 MP: 7/11
  3794 | D:4      | Gained mutation: You are resistant to electric shocks.
                  | (rElec) [Black Draconian growth]
  3826 | D:4      | Learned a level 2 spell: Poisonous Vapours
  4348 | D:4      | Found a staircase to the Ecumenical Temple.
  4354 | Temple   | Entered the Ecumenical Temple
  4368 | Temple   | Became a worshipper of Makhleb the Destroyer
  4433 | D:5      | Entered Level 5 of the Dungeon
  4465 | D:5      | Reached skill level 6 in Long Blades
  4465 | D:5      | Reached skill level 1 in Evocations
  4517 | D:4      | Reached skill level 1 in Invocations
  4685 | D:5      | Found a stormy altar of Qazlal.
  4861 | D:5      | Found a radiant altar of Vehumet.
  5274 | D:5      | Reached XP level 8. HP: 54/57 MP: 12/12
  5522 | D:6      | Reached skill level 7 in Long Blades
  5732 | D:6      | Reached skill level 8 in Long Blades
  6052 | D:6      | Reached * piety under Makhleb
  6056 | D:6      | Reached skill level 9 in Long Blades
  6456 | D:6      | Reached XP level 9. HP: 60/62 MP: 5/13
  6630 | D:6      | Reached skill level 10 in Long Blades
  7000 | D:6      | Found a broken altar of Ashenzari.
  7008 | D:6      | Found a bloodstained altar of Trog.
  7009 | D:6      | Found an ornate altar of the Wu Jian Council.
  7010 | D:6      | Found a hazy altar of Hepliaklqana.
  7010 | D:6      | Found a hide-covered altar of Uskayaw.
  7010 | D:6      | Found a snail-covered altar of Cheibriados.
  7011 | D:6      | Found a shadowy altar of Dithmenos.
  7109 | D:6      | Found a runed translucent door.
  7162 | D:6      | Noticed jlumianski's ghost (novice DsGl)
  7879 | D:7      | Reached ** piety under Makhleb
  7880 | D:7      | Reached skill level 11 in Long Blades
  8012 | D:7      | Found Uhesky's Weapon Boutique.
  8056 | D:7      | Found Keomyeny's Assorted Antiques.
  8361 | D:7      | Reached skill level 12 in Long Blades
  8911 | D:8      | Reached XP level 10. HP: 66/69 MP: 8/14
  8970 | D:8      | Reached skill level 13 in Long Blades
  9167 | D:8      | Reached *** piety under Makhleb
  9204 | D:8      | Reached skill level 14 in Long Blades
 10065 | D:9      | Paralysed by a hornet for 1 turns
 10068 | D:9      | Reached skill level 5 in Invocations
 10195 | D:9      | Reached **** piety under Makhleb
 10198 | D:9      | Reached skill level 15 in Long Blades
 10198 | D:9      | Reached XP level 11. HP: 74/74 MP: 7/15
 10275 | D:9      | Noticed Psyche
 10304 | D:9      | Killed Psyche
 10690 | D:9      | Identified the +4 flail "Pyokk" {elec, rPois rF+}
 10895 | D:10     | Entered Level 10 of the Dungeon
 11082 | D:10     | Paralysed by a hornet for 2 turns
 11094 | D:10     | Slain by a vampire

Illustrated notes

Levels and vault maps discovered:
D:1:      onia_arrival_mini_spirals, layout_loops_ring,
          hellmonk_ecumenical_altar_leap_of_faith
D:2:      layout_basic, uniq_robin
D:3:      layout_basic, nicolae_eternal_life, uniq_ijyb, uniq_sigmund
D:4:      kennysheep_the_goblin_king, layout_basic, pf_just_have_faith,
          minmay_temple_entry_fiery, serial_demonic, serial_demonic_c,
          serial_demonic_b, serial_demonic_c, serial_demonic_g, st_stairs_8
D:5:      cheibrodos_two_vegetables, layout_basic,
          nicolae_overflow_hidden_temple, grunt_qazlal_clouds
D:6:      kennysheep_housing_project, layout_basic, minitemple,
          gammafunk_ghost_grave, chequers_serial_rivers_marsh
D:7:      layout_basic, serial_shops, nicolae_take_the_stairs,
          nicolae_shop_trees, minmay_misc_feat_rugged
D:8:      layout_rooms
D:9:      minmay_flawed_box, layout_gridville, uniq_psyche
D:10:     layout_gridville, mainiacjoe_overflow_alcove_1, lemuel_tele_altar,
          minmay_misc_feat_square
Temple:   hellmonk_temple_rainy

Skill      XL: |  1  2  3  4  5  6  7  8  9 10 |
---------------+-------------------------------+-----
Stealth        | 2 3 |  3.0
Spellcasting   | 3 |  3.2
Long Blades    | 4 5 6 9 12 15 | 15.6
Evocations     | 3 |  3.0
Invocations    | 2 3 5 |  5.0
Dodging        | |  1.7
Ice Magic      | |  4.9

Action                   |  1- 3 |  4- 6 |  7- 9 | 10-12 || total
-------------------------+-------+-------+-------+-------++-------
Melee: Dagger            |    51 |    98 |    80 |       ||   229
       Tailslap          |     9 |    11 |    28 |    19 ||    67
       Triple sword      |       |       |   159 |   178 ||   337
Throw: Dart              |       |     9 |    21 |     5 ||    35
 Cast: Freeze            |    14 |     2 |       |       ||    16
       Frozen Ramparts   |     3 |    14 |    26 |    25 ||    68
       Poisonous Vapours |       |       |     3 |       ||     3
       Ozocubu's Armour  |       |       |     6 |     9 ||    15
Invok: Lesser Servant of |       |       |       |     1 ||     1
 Abil: Breathe Lightning |       |       |     2 |     5 ||     7
Evoke: Wand              |       |    12 |    19 |     3 ||    34
  Use: Potion            |       |     3 |     1 |     3 ||     7
       Scroll            |       |       |    20 |     2 ||    22
 Stab: Sleeping          |     1 |     5 |     7 |       ||    13
       Paralysed         |       |     1 |     1 |     1 ||     3
Armor: Skin              |    21 |    39 |    98 |   121 ||   279
Dodge: Dodged            |    32 |    46 |   160 |   139 ||   377
Block: Buckler           |     1 |    16 |     7 |       ||    24

Table legend: (Time is in decaauts)
 A = Elapsed time spent in this place.
 B = Non-inter-level travel time spent in this place.
 C = Inter-level travel time spent in this place.
 D = Time resting spent in this place.
 E = Time spent auto-exploring this place.
 F = Levels seen in this place.
 G = Mean time per level.
                   A        B        C        D        E       F      G
               +--------+--------+--------+--------+--------+-----+--------+
         Total |  11148 |  10649 |    499 |   2203 |   5800 |  11 | 1013.5 |
       Dungeon |  11122 |  10634 |    488 |   2203 |   5800 |  10 | 1112.2 |
        Temple |     26 |     15 |     11 |      0 |      0 |   1 |   26.0 |
               +--------+--------+--------+--------+--------+-----+--------+

Top non-repeatable levels by time:
     D:6: 2121 daAuts
     D:9: 1435 daAuts
     D:4: 1309 daAuts
     D:7: 1204 daAuts
     D:1: 1196 daAuts
     D:3: 1131 daAuts
     D:5: 1026 daAuts
     D:8: 815 daAuts
     D:2: 788 daAuts
    D:10: 92 daAuts
  Temple: 26 daAuts
